 Dungeon Crawl Stone Soup version 0.29-a0-872-g797fff5ad1 (webtiles) character file.

Game seed: 11277704204669881287

25 jimonade the Sneak (level 3, -2/21 HPs)
             Began as a Kobold Brigand on July 18, 2022.
             Slain by Natasha (8 damage)
             ... on level 2 of the Dungeon.
             The game lasted 00:02:11 (1246 turns).

jimonade the Sneak (Kobold Brigand)                 Turns: 1246, Time: 00:02:11

Health: -2/21      AC:  3    Str:  8    XL:     3   Next: 20%
Magic:  3/3        EV: 14    Int: 12    God:
Gold:   87         SH:  0    Dex: 18    Spells: 2/2 levels left

rFire   . . .      SeeInvis .   i - +0 dagger (venom)
rCold   . . .      Faith    .   (no shield)
rNeg    . . .      Spirit   .   p - +0 robe
rPois   .          Reflect  .   (no helmet)
rElec   .          Harm     .   c - +0 cloak
rCorr   .          Rampage  .   (no gloves)
Will    .....                   (no boots)
Stlth   +++++.....              (no amulet)
HPRegen 0.07/turn               (no ring)
MPRegen 0.08/turn               (no ring)

@: no status effects
A: small, no large weapons, nightstalker 3
a: no special abilities


You were on level 2 of the Dungeon.
You visited 1 branch of the dungeon, and saw 2 of its levels.

You collected 87 gold pieces.

Inventory:

Hand Weapons
 a - a +2 dagger
 b - a +0 sling
 i - a +0 dagger of venom (weapon)
Missiles
 d - 9 poisoned darts (quivered)
 e - 3 curare-tipped darts
Armour
 c - a +0 cloak (worn)
 p - a +0 robe (worn)
Jewellery
 s - a +6 ring of dexterity
Wands
 t - a wand of flame (17)
Scrolls
 f - 2 scrolls of enchant armour {unknown}
 g - a scroll of fear {unknown}
 h - 2 scrolls of enchant weapon {unknown}
 k - 2 scrolls of identify {unknown}
 n - a scroll of teleportation {unknown}
 o - 2 scrolls of torment {unknown}
 q - a scroll of blinking {unknown}
 r - a scroll of fog {unknown}
 u - a scroll of magic mapping {unknown}
Potions
 j - a potion of mutation {unknown}
 l - 2 potions of ambrosia {unknown}
 m - 2 potions of lignification {unknown}


   Skills:
 + Level 2.1 Fighting
 + Level 2.9 Short Blades
 + Level 2.1 Throwing
 + Level 1.2 Dodging
 * Level 6.6 Stealth


You had 2 spell levels left.
You didn't know any spells.
Your spell library contained the following spells:

 Spells                   Type           Power      Damage    Failure   Level
 Gell's Gravitas          Tloc           0%         N/A       69%         3
 Lesser Beckoning         Tloc           0%         N/A       69%         3
 Stone Arrow              Conj/Erth      0%         3d7       69%         3
 Teleport Other           Tloc           0%         N/A       69%         3
 Borgnjor's Vile Clutch   Necr/Erth      0%         N/A       100%        5
 Iron Shot                Conj/Erth      0%         9d1       100%        6


Dungeon Overview and Level Annotations

Branches:
Dungeon (2/15)

Altars:

Shops:
D:2 ![=

Annotations:
D:2 Natasha


Innate Abilities, Weirdness & Mutations

You are small and have problems with some larger weapons.
You are completely attuned to the shadows.


Message History

You kill the hobgoblin!
No target in view!
Found 9 gold pieces.
Found a scroll labelled UNTYUF GIAPUF.
t - a wand of flame (17)
There are no items here.
Why would you want to do that?
You see here a hobgoblin corpse.
u - a scroll labelled HIGGOFAGI
There are no items here.
You see here a hobgoblin corpse.
You now have 87 gold pieces (gained 9).
o - 2 scrolls labelled UNTYUF GIAPUF (gained 1) Natasha, Servant of Life and Death comes into view.
She is carrying a wand of flame (21).
Natasha claws you but does no damage.
You closely miss Natasha. Natasha closely misses you.
You hit Natasha but do no damage. You hit Natasha.
Natasha is lightly wounded.
Natasha mumbles some strange words.
You hit Natasha but do no damage.
Natasha is poisoned.
Natasha is lightly wounded.
Natasha zaps a wand.
The puff of flame hits you!
You closely miss Natasha.
Natasha is lightly wounded.
The shadow imp hits you but does no damage.
Natasha zaps a wand.
The puff of flame misses you.
You miss Natasha.
Natasha is moderately wounded.
The shadow imp hits you.
Natasha mumbles some strange words.
You barely miss Natasha.
Natasha is moderately wounded.
The shadow imp hits you.
* * * LOW HITPOINT WARNING * * *
Natasha misses you.
You hit Natasha.
Natasha looks as sick as possible!
Natasha is heavily wounded.
The shadow imp misses you. Natasha claws you!
You die...

##### #.#...###
###### #.#......
.....#######.#...###
###.#........##.##
.####............#
.........#########
...5.#...#
####@##### #h# #5.
####


You could see Natasha (extremely poisoned) and 2 shadow imps.

Vanquished Creatures
  A dart slug (D:1)
  3 bats
  2 endoplasms
  2 giant cockroaches (D:1)
  A goblin (D:1)
  A hobgoblin (D:2)
  4 jackals (D:1)
  A kobold (D:1)
  A quokka (D:1)
  3 ball pythons
  2 frilled lizards
21 creatures vanquished.

Notes
Turn   | Place    | Note
-------+----------+-------------------------------------------
     0 | D:1      | jimonade the Kobold Brigand began the quest for the Orb.
     0 | D:1      | Reached XP level 1. HP: 12/12 MP: 1/1
   184 | D:1      | Reached XP level 2. HP: 17/17 MP: 2/2
   225 | D:1      | Reached skill level 6 in Stealth
   740 | D:1      | Reached XP level 3. HP: 21/21 MP: 3/3
   765 | D:1      | Found a faded altar of an unknown god.
   880 | D:2      | Got Humpuq's Encyclopedia of the Mountains
   887 | D:2      | Found Kidduq's Antique Armour Shop.
   946 | D:2      | Found Gowi's Distillery.
  1144 | D:2      | Found Ybres Beragh's Jewellery Shoppe.
  1236 | D:2      | Noticed Natasha
  1246 | D:2      | Slain by Natasha

Illustrated notes

Levels and vault maps discovered:
D:1:      minmay_arrival_stone_box, layout_loops_ring,
          shapermc_ecumenical_altar_hornbeckon, amethyst_killhole
D:2:      minmay_thinvault, layout_loops_ring, serial_shops,
          nicolae_shop_waterfront, shop, nicolae_shop_behind_doors,
          nicolae_shop_stone, uniq_sigmund, uniq_natasha

Skill      XL: |  1  2 |
---------------+-------+-----
Stealth        | 6 |  6.6
Fighting       | |  2.1
Short Blades   | |  2.9
Throwing       | |  2.1
Dodging        | |  1.2

Action                   || total
-------------------------++-------
Melee: Dagger            ||    48
 Stab: Sleeping          ||    10
Armor: Robe              ||     9
Dodge: Dodged            ||    25

Table legend: (Time is in decaauts)
 A = Elapsed time spent in this place.
 B = Non-inter-level travel time spent in this place.
 C = Inter-level travel time spent in this place.
 D = Time resting spent in this place.
 E = Time spent auto-exploring this place.
 F = Levels seen in this place.
 G = Mean time per level.
                   A        B        C        D        E       F      G
               +--------+--------+--------+--------+--------+-----+--------+
         Total |   1247 |   1221 |     26 |      0 |   1025 |   2 |  623.5 |
       Dungeon |   1247 |   1221 |     26 |      0 |   1025 |   2 |  623.5 |
               +--------+--------+--------+--------+--------+-----+--------+

Top non-repeatable levels by time:
     D:1: 856 daAuts
     D:2: 391 daAuts
